[ PARTIDA AOE2 · #505570241 ]
UnrankedChinos vs Saracens
Equipo del jugador · DERR
Equipo rival · VICT
[ ANÁLISIS DE REPETICIÓN · EXTRAÍDO DE LA PARTIDA GRABADA ]
Feudal
9:37
Castillos
21:22
Imperial
38:12
| APM promedio | 95.7 |
| APM pico | 158 |
| eAPM promedio | 38.6 |
| Aldeanos / militares | 184 / 214 |
Foco
⚔️ 43.4% · 🌾 56.6%
Skirmisher ×127 · Archer ×60 · Militia ×10 · Scout Cavalry ×9 · Iron Pagoda ×4 · Trebuchet (Packed) ×4
Feudal
9:24
Castillos
21:29
Imperial
34:29
| APM promedio | 77.7 |
| APM pico | 145 |
| eAPM promedio | 41.1 |
| Aldeanos / militares | 89 / 134 |
Foco
⚔️ 67.0% · 🌾 33.0%
Archer ×106 · Mangonel ×9 · Bombard Cannon ×8 · Monk ×5 · Militia ×4 · Trebuchet (Packed) ×2
Mapa de la partida
Recursos iniciales + cada clic de construcción. Líneas = muros · curvas = relieve. ◆ oro · ⬟ piedra · ● bayas · ✦ reliquia · ◌ hueco del cierre
Tu base· ✓ Cerrada en 21:22 · 10t muro · 1 puerta(s)
Base de Mr Greed· ✓ Cerrada en 21:29 · 29t muro · 1 puerta(s)
Terreno inicial suavizado · ◌ = hueco del cierre detectado · pasá el cursor para detalles
Inputs por minuto
— hK | Romell13 - - Mr Greed
Build order — hK | Romell13
Primeras 150 de 620 acciones detectadas
| 0:01 | Investigar | Loom |
| 0:01 | Investigar | Loom |
| 0:02 | Construir | House |
| 0:43 | Crear | Villager (Male) |
| 0:43 | Crear | Villager (Male) |
| 1:11 | Crear | Villager (Male) |
| 1:37 | Crear | Villager (Male) |
| 1:37 | Crear | Villager (Male) |
| 1:54 | Construir | Lumber Camp |
| 2:02 | Crear | Villager (Male) |
| 2:03 | Crear | Villager (Male) |
| 2:17 | Crear | Villager (Male) |
| 2:17 | Crear | Villager (Male) |
| 2:44 | Crear | Villager (Male) |
| 3:06 | Crear | Villager (Male) |
| 3:06 | Crear | Villager (Male) |
| 3:32 | Crear | Villager (Male) |
| 3:32 | Crear | Villager (Male) |
| 3:47 | Crear | Villager (Male) |
| 4:12 | Construir | Mill |
| 4:18 | Crear | Villager (Male) |
| 4:18 | Crear | Villager (Male) |
| 4:30 | Crear | Villager (Male) |
| 4:43 | Crear | Villager (Male) |
| 5:23 | Crear | Villager (Male) |
| 5:23 | Crear | Villager (Male) |
| 5:32 | Construir | House |
| 6:20 | Construir | Barracks |
| 6:33 | Crear | Villager (Male) |
| 6:34 | Crear | Villager (Male) |
| 7:06 | Construir | Mining Camp |
| 7:25 | Investigar | Feudal Age |
| 7:25 | Investigar | Feudal Age |
| 7:25 | Investigar | Feudal Age |
| 7:40 | Crear | Militia |
| 7:40 | Crear | Militia |
| 7:40 | Crear | Militia |
| 7:42 | Crear | Militia |
| 7:42 | Crear | Militia |
| 7:47 | Construir | House |
| 7:57 | Crear | Militia |
| 7:57 | Crear | Militia |
| 7:57 | Crear | Militia |
| 8:11 | Crear | Militia |
| 8:11 | Crear | Militia |
| 9:03 | Crear | Villager (Male) |
| 9:24 | Construir | Mill |
| 9:34 | Crear | Villager (Male) |
| 9:37 | Edad | Edad Feudal |
| 9:38 | Construir | Archery Range |
| 9:46 | Investigar | Double-Bit Axe |
| 9:46 | Investigar | Double-Bit Axe |
| 9:55 | Investigar | Man-at-Arms (upgrade) |
| 9:55 | Investigar | Man-at-Arms (upgrade) |
| 10:01 | Construir | House |
| 10:16 | Crear | Villager (Male) |
| 10:16 | Crear | Villager (Male) |
| 10:17 | Construir | Farm |
| 10:28 | Crear | Villager (Male) |
| 10:29 | Crear | Villager (Male) |
| 10:32 | Crear | Archer |
| 10:32 | Crear | Archer |
| 10:34 | Construir | Palisade Wall |
| 10:46 | Construir | Palisade Wall |
| 10:47 | Construir | Palisade Wall |
| 10:52 | Construir | Palisade Wall |
| 11:00 | Crear | Villager (Male) |
| 11:08 | Construir | Palisade Wall |
| 11:09 | Construir | Palisade Wall |
| 11:11 | Construir | Palisade Wall |
| 11:12 | Construir | Palisade Wall |
| 11:15 | Crear | Archer |
| 11:17 | Construir | Farm |
| 11:17 | Construir | Farm |
| 11:17 | Construir | Farm |
| 11:23 | Crear | Villager (Male) |
| 11:36 | Construir | Farm |
| 11:40 | Crear | Villager (Male) |
| 11:46 | Construir | House |
| 11:52 | Construir | Palisade Gate |
| 12:05 | Crear | Archer |
| 12:26 | Crear | Villager (Male) |
| 12:27 | Crear | Villager (Male) |
| 12:28 | Crear | Villager (Male) |
| 12:29 | Construir | Farm |
| 12:40 | Construir | Farm |
| 12:47 | Construir | House |
| 12:59 | Crear | Villager (Male) |
| 12:59 | Crear | Villager (Male) |
| 12:59 | Crear | Villager (Male) |
| 13:08 | Construir | Farm |
| 13:14 | Crear | Skirmisher |
| 13:14 | Crear | Skirmisher |
| 13:14 | Crear | Skirmisher |
| 13:14 | Crear | Skirmisher |
| 13:27 | Crear | Villager (Male) |
| 13:41 | Construir | Blacksmith |
| 13:41 | Crear | Villager (Male) |
| 13:49 | Crear | Villager (Male) |
| 13:59 | Crear | Archer |
| 14:02 | Crear | Villager (Male) |
| 14:02 | Crear | Villager (Male) |
| 14:02 | Crear | Villager (Male) |
| 14:03 | Construir | Farm |
| 14:09 | Crear | Archer |
| 14:12 | Investigar | Fletching |
| 14:12 | Investigar | Fletching |
| 14:18 | Crear | Villager (Male) |
| 14:18 | Crear | Villager (Male) |
| 14:18 | Crear | Villager (Male) |
| 14:39 | Construir | Farm |
| 14:42 | Crear | Skirmisher |
| 14:54 | Crear | Villager (Male) |
| 14:54 | Crear | Villager (Male) |
| 14:57 | Construir | House |
| 15:00 | Construir | House |
| 15:02 | Construir | House |
| 15:25 | Crear | Villager (Male) |
| 15:27 | Construir | House |
| 15:46 | Construir | House |
| 15:46 | Construir | House |
| 15:49 | Construir | House |
| 15:57 | Crear | Skirmisher |
| 16:04 | Crear | Villager (Male) |
| 16:05 | Construir | Farm |
| 16:07 | Construir | House |
| 16:08 | Crear | Villager (Male) |
| 16:10 | Construir | House |
| 16:12 | Construir | House |
| 16:17 | Construir | House |
| 16:18 | Construir | House |
| 16:22 | Crear | Villager (Male) |
| 16:26 | Construir | Farm |
| 16:35 | Construir | House |
| 16:38 | Crear | Villager (Male) |
| 16:48 | Construir | House |
| 17:07 | Investigar | Padded Archer Armor |
| 17:08 | Crear | Villager (Male) |
| 17:24 | Crear | Skirmisher |
| 17:26 | Crear | Villager (Male) |
| 17:38 | Construir | Market |
| 17:39 | Crear | Villager (Male) |
| 17:52 | Crear | Villager (Male) |
| 17:59 | Construir | House |
| 18:01 | Construir | House |
| 18:12 | Construir | Farm |
| 18:42 | Investigar | Castle Age |
| 18:42 | Investigar | Castle Age |
| 18:54 | Construir | Lumber Camp |
| 19:11 | Investigar | Gold Mining |
Build order — Mr Greed
Primeras 150 de 344 acciones detectadas
| 0:00 | Crear | Villager (Male) |
| 0:00 | Crear | Villager (Male) |
| 0:01 | Crear | Villager (Male) |
| 0:02 | Construir | House |
| 0:03 | Construir | House |
| 0:07 | Crear | Villager (Male) |
| 0:07 | Crear | Villager (Male) |
| 1:26 | Crear | Villager (Male) |
| 1:27 | Crear | Villager (Male) |
| 1:47 | Construir | Lumber Camp |
| 1:58 | Crear | Villager (Male) |
| 2:18 | Crear | Villager (Male) |
| 2:19 | Crear | Villager (Male) |
| 2:35 | Crear | Villager (Male) |
| 3:11 | Crear | Villager (Male) |
| 3:11 | Crear | Villager (Male) |
| 3:40 | Crear | Villager (Male) |
| 3:48 | Construir | House |
| 4:00 | Crear | Villager (Male) |
| 4:18 | Crear | Villager (Male) |
| 4:18 | Crear | Villager (Male) |
| 4:51 | Crear | Villager (Male) |
| 5:17 | Crear | Villager (Male) |
| 5:29 | Construir | Barracks |
| 5:44 | Crear | Villager (Male) |
| 5:48 | Investigar | Loom |
| 6:29 | Construir | Palisade Gate |
| 6:32 | Construir | Palisade Wall |
| 6:34 | Construir | House |
| 6:43 | Crear | Villager (Male) |
| 6:50 | Construir | Mining Camp |
| 7:11 | Construir | House |
| 7:14 | Investigar | Feudal Age |
| 7:14 | Investigar | Feudal Age |
| 7:14 | Investigar | Feudal Age |
| 7:39 | Crear | Militia |
| 7:39 | Crear | Militia |
| 8:01 | Crear | Militia |
| 8:14 | Crear | Militia |
| 8:24 | Construir | Mill |
| 9:13 | Crear | Villager (Male) |
| 9:24 | Edad | Edad Feudal |
| 9:25 | Investigar | Man-at-Arms (upgrade) |
| 9:31 | Construir | House |
| 9:42 | Construir | Farm |
| 9:44 | Crear | Villager (Male) |
| 9:47 | Construir | Farm |
| 9:59 | Construir | House |
| 10:01 | Construir | Palisade Wall |
| 10:13 | Crear | Villager (Male) |
| 10:14 | Construir | Farm |
| 10:37 | Crear | Villager (Male) |
| 10:45 | Construir | Palisade Wall |
| 10:45 | Construir | Palisade Wall |
| 10:47 | Construir | Palisade Wall |
| 10:49 | Construir | Palisade Wall |
| 10:55 | Construir | House |
| 11:15 | Crear | Villager (Male) |
| 11:15 | Crear | Villager (Male) |
| 11:22 | Construir | Palisade Wall |
| 11:23 | Construir | Palisade Wall |
| 11:32 | Construir | Farm |
| 11:37 | Construir | Market |
| 11:38 | Crear | Villager (Male) |
| 12:07 | Construir | Farm |
| 12:10 | Crear | Villager (Male) |
| 12:11 | Crear | Villager (Male) |
| 12:12 | Construir | Farm |
| 12:31 | Crear | Villager (Male) |
| 12:42 | Construir | House |
| 12:44 | Construir | Palisade Wall |
| 12:47 | Construir | Archery Range |
| 12:54 | Crear | Villager (Male) |
| 13:14 | Crear | Villager (Male) |
| 13:26 | Construir | House |
| 13:27 | Construir | Palisade Wall |
| 13:28 | Crear | Villager (Male) |
| 13:44 | Construir | Blacksmith |
| 13:48 | Crear | Archer |
| 13:48 | Crear | Archer |
| 13:53 | Crear | Villager (Male) |
| 14:01 | Construir | Palisade Wall |
| 14:27 | Investigar | Padded Archer Armor |
| 14:29 | Investigar | Fletching |
| 14:29 | Investigar | Fletching |
| 14:31 | Crear | Archer |
| 14:34 | Construir | House |
| 14:37 | Construir | Palisade Wall |
| 14:39 | Construir | Palisade Wall |
| 14:46 | Construir | House |
| 14:48 | Construir | Palisade Wall |
| 14:54 | Crear | Archer |
| 14:55 | Crear | Villager (Male) |
| 14:58 | Construir | Farm |
| 15:25 | Construir | House |
| 15:28 | Crear | Villager (Male) |
| 15:30 | Construir | Farm |
| 15:33 | Construir | Farm |
| 15:34 | Crear | Archer |
| 15:48 | Construir | Mining Camp |
| 15:49 | Crear | Villager (Male) |
| 16:01 | Crear | Villager (Male) |
| 16:19 | Crear | Archer |
| 16:20 | Crear | Villager (Male) |
| 16:54 | Crear | Villager (Male) |
| 17:04 | Crear | Villager (Male) |
| 17:17 | Construir | Archery Range |
| 17:19 | Crear | Archer |
| 17:21 | Crear | Villager (Male) |
| 17:38 | Construir | Lumber Camp |
| 18:18 | Crear | Archer |
| 18:20 | Crear | Archer |
| 18:24 | Crear | Villager (Male) |
| 18:49 | Investigar | Castle Age |
| 18:50 | Investigar | Castle Age |
| 18:58 | Crear | Archer |
| 18:58 | Crear | Archer |
| 18:59 | Crear | Archer |
| 19:22 | Crear | Archer |
| 19:26 | Crear | Archer |
| 19:55 | Investigar | Gold Mining |
| 19:56 | Investigar | Gold Mining |
| 20:10 | Crear | Archer |
| 20:10 | Crear | Archer |
| 20:11 | Crear | Archer |
| 20:25 | Investigar | Padded Archer Armor |
| 20:25 | Investigar | Padded Archer Armor |
| 20:26 | Crear | Archer |
| 20:26 | Crear | Archer |
| 20:57 | Crear | Archer |
| 21:29 | Edad | Edad de los Castillos |
| 21:31 | Investigar | Crossbowman (upgrade) |
| 21:34 | Investigar | Bodkin Arrow |
| 21:34 | Investigar | Bodkin Arrow |
| 21:37 | Crear | Villager (Male) |
| 22:02 | Crear | Villager (Male) |
| 22:11 | Crear | Villager (Male) |
| 22:15 | Construir | University |
| 22:18 | Crear | Archer |
| 22:18 | Crear | Archer |
| 22:34 | Investigar | Double-Bit Axe |
| 22:34 | Investigar | Double-Bit Axe |
| 22:36 | Crear | Archer |
| 22:36 | Crear | Archer |
| 22:50 | Crear | Villager (Male) |
| 23:08 | Investigar | Ballistics |
| 23:13 | Crear | Villager (Male) |
| 23:17 | Investigar | Bow Saw |
| 23:17 | Investigar | Bow Saw |
| 23:20 | Crear | Archer |
Cronología de la partida
| 5:29 | Mr Greed · first_building Barracks |
| 6:20 | hK | Romell13 · first_building Barracks |
| 6:32 | Mr Greed · wall_segment Palisade Wall x1 |
| 9:24 | Mr Greed · age_up feudal |
| 9:37 | hK | Romell13 · age_up feudal |
| 9:38 | hK | Romell13 · first_building Archery Range |
| 10:01 | Mr Greed · wall_segment Palisade Wall x4 |
| 10:34 | hK | Romell13 · wall_segment Palisade Wall x1 |
| 10:45 | Mr Greed · wall_segment Palisade Wall x1 |
| 10:45 | Mr Greed · wall_segment Palisade Wall x1 |
| 10:46 | hK | Romell13 · wall_segment Palisade Wall x2 |
| 10:47 | Mr Greed · wall_segment Palisade Wall x1 |
| 10:47 | hK | Romell13 · wall_segment Palisade Wall x1 |
| 10:49 | Mr Greed · wall_segment Palisade Wall x1 |
| 10:52 | hK | Romell13 · wall_segment Palisade Wall x1 |
| 11:08 | hK | Romell13 · wall_segment Palisade Wall x1 |
| 11:09 | hK | Romell13 · wall_segment Palisade Wall x1 |
| 11:11 | hK | Romell13 · wall_segment Palisade Wall x1 |
| 11:12 | hK | Romell13 · wall_segment Palisade Wall x1 |
| 11:22 | Mr Greed · wall_segment Palisade Wall x1 |
| 11:23 | Mr Greed · wall_segment Palisade Wall x1 |
| 12:44 | Mr Greed · wall_segment Palisade Wall x10 |
| 12:47 | Mr Greed · first_building Archery Range |
| 13:27 | Mr Greed · wall_segment Palisade Wall x4 |
| 14:01 | Mr Greed · wall_segment Palisade Wall x1 |
| 14:25 | Mr Greed · first_market_sell 100 stone |
| 14:37 | Mr Greed · wall_segment Palisade Wall x1 |
| 14:39 | Mr Greed · wall_segment Palisade Wall x1 |
| 14:48 | Mr Greed · wall_segment Palisade Wall x1 |
| 17:27 | Mr Greed · first_market_buy 100 food |
| 18:34 | hK | Romell13 · first_market_buy 100 food |
| 19:22 | hK | Romell13 · wall_segment Palisade Wall x1 |
| 21:22 | hK | Romell13 · age_up castle |
| 21:29 | Mr Greed · age_up castle |
| 22:11 | hK | Romell13 · first_building Siege Workshop |
| 23:41 | Mr Greed · first_building Siege Workshop |
| 26:37 | Mr Greed · first_building Monastery |
| 29:18 | hK | Romell13 · first_market_sell 100 wood |
| 34:29 | Mr Greed · age_up imperial |
| 37:24 | Mr Greed · first_building Castle |
| 38:12 | hK | Romell13 · age_up imperial |
| 40:06 | hK | Romell13 · first_building Castle |
| 41:31 | hK | Romell13 · first_building Stable |
| 42:44 | hK | Romell13 · wall_segment Stone Wall x8 |
| 47:24 | hK | Romell13 · resign |
[ ANÁLISIS IA · 1 CRÉDITO ]
¿Qué pasó realmente en esta partida?
Wolo.gg analiza cada decisión: build order, eco, micro, errores típicos por bracket. Análisis personalizado por WhatsApp o Discord en 30 segundos.
Guía civ
Chinos
Perfil
Jugador #917863